 Dungeon Sprint DCSS version 0.26-a0-651-gb41185065b (webtiles) character file.

Game seed: 1460135019584038215

2737 HoaS the Impaler (level 10, -5/82 HPs)
             Began as a Formicid Fighter on Oct 15, 2020.
             Was a High Priest of Makhleb.
             Slain by a 13-headed hydra (8 damage)
             ... in the Dungeon (Sprint IX: "|||||||||||||||||||||||||||||").
             The game lasted 00:05:40 (856 turns).

HoaS the Impaler (Formicid Fighter)                  Turns: 856, Time: 00:05:40

Health: -5/82      AC: 17    Str: 24    XL:     10   Next: 0%
Magic:  10/10      EV: 10    Int:  8    God:    Makhleb [*****.]
Gold:   0          SH: 12    Dex: 13    Spells: 9/9 levels left

rFire    . . .     SeeInvis +   k - +4 halberd (venom)
rCold    . . .     Faith    .   c - +0 kite shield
rNeg     . . .     Spirit   .   l - +0 plate armour
rPois    .         Reflect  .   (helmet unavailable)
rElec    .         Harm     .   (no cloak)
rCorr    .         Rampage  .   a - +2 pair of gloves
MR       +....                  (no boots)
Stlth    ..........             (no amulet)
HPRegen  0.23/turn              n - +3 ring of dexterity
MPRegen  0.12/turn              (no ring)

@: no status effects
A: permanent stasis, dig shafts and tunnels, four strong arms, antennae 3
a: Dig, Minor Destruction, Lesser Servant of Makhleb, Major Destruction, Greater
Servant of Makhleb, Renounce Religion


You were in the Dungeon.
You worshipped Makhleb.
Makhleb was extremely pleased with you.
You visited 1 branch

Inventory:

Hand Weapons
 k - a +4 halberd of venom (weapon)
Armour
 a - a +2 pair of gloves (worn)
 c - a +0 kite shield (worn)
 l - a +0 plate armour (worn)
Jewellery
 n - a +3 ring of dexterity (left hand)
Wands
 j - a wand of iceblast (10)
Scrolls
 h - 5 scrolls of remove curse
 m - a scroll of fear
Potions
 b - a potion of brilliance
 d - a potion of invisibility
 e - 5 potions of curing
 f - a potion of resistance


   Skills:
 + Level 8.6 Fighting
 - Level 16.0 Polearms
 + Level 8.6 Armour
 + Level 6.4 Dodging
 - Level 9.0 Shields


You had 9 spell levels left.
You didn't know any spells.
Your spell library was empty.

Dungeon Overview and Level Annotations

Branches:
Dungeon (1/1)

Altars:
Cheibriados
Dithmenos
Elyvilon
Fedhas
Gozag
Hepliaklqana
Kikubaaqudgha
Makhleb
Nemelex Xobeh
Okawaru
Qazlal
Ru
Sif Muna
Trog
Uskayaw
Vehumet
Wu Jian
Xom
Yredelemnul
Zin
The Shining One
Beogh
Jiyva
Lugonu


Innate Abilities, Weirdness & Mutations

You cannot be hasted, slowed, berserked, paralysed or teleported.
You can dig through walls and to a lower floor.
Your four strong arms can wield two-handed weapons with a shield.
You have a pair of large antennae on your head. (SInv)


Message History

The ten-headed hydra grows two more!
You impale the 12-headed hydra!!
The 12-headed hydra is severely wounded.
The 12-headed hydra bites you but does no damage.
You block the 12-headed hydra's attack. x2; The 12-headed hydra bites you.
* * * LOW HITPOINT WARNING * * *
The 12-headed hydra closely misses you. You block the 12-headed hydra's attack.
The 12-headed hydra bites you!
* * * LOW HITPOINT WARNING * * *
The 12-headed hydra bites you but does no damage.
You block the 12-headed hydra's attack. The 12-headed hydra bites you!
* * * LOW HITPOINT WARNING * * *
The 12-headed hydra closely misses you.
The 12-headed hydra bites you but does no damage.
The blink frog hits you.
* * * LOW HITPOINT WARNING * * *
You lop one of the 12-headed hydra's heads off!
The 11-headed hydra grows two more!
You slice the 13-headed hydra!!
The 13-headed hydra is severely wounded.
You block the 13-headed hydra's attack. The 13-headed hydra bites you!
You die...

{ {
▓.▓.▓_▓
{
▓.▓.▓_▓
{
▓.▓.▓_▓
{
▓†▓.▓_▓
{
▓.▓.▓_▓
{
▓.▓.▓_▓
{
▓.▓.▓_▓
{
▓F▓.▓_▓
{
▓@▓.▓_▓
▓D▓.▓_▓
{
▓F▓.▓_▓
{
▓t▓.▓_▓
{
▓F▓.▓_▓
{
▓t▓.▓_▓
{
▓t▓.▓_▓
{
▓Y▓.▓_▓
{
▓.▓.▓_▓


You could see a 13-headed hydra (very poisoned), a yak, a cane toad, a blink
frog, 3 crocodiles and a bullfrog.

Vanquished Creatures
  A two-headed ogre (D)
  A cane toad (D)
  A troll (D)
  A komodo dragon (D)
  A hornet (D)
  A wraith (D)
  A yak (D)
  A porcupine (D)
  2 water moccasins (D)
  An orc warrior (D)
  A wolf (D)
  A crocodile (D)
  2 bullfrogs (D)
  A killer bee (D)
  A wight (D)
  A hound (D)
  A jelly (D)
  An orc wizard (D)
  An iguana (D)
  2 worker ants (D)
  A gnoll (D)
  An orc (D)
  A ball python (D)
  A bat skeleton (D)
  A giant cockroach (D)
  A hobgoblin (D)
  A goblin (D)
  A kobold (D)
  A rat (D)
32 creatures vanquished.

Notes
Turn   | Place    | Note
-------+----------+-------------------------------------------
     0 | D        | HoaS the Formicid Fighter began the quest for the Orb.
     0 | D        | Reached XP level 1. HP: 18/18 MP: 1/1
    10 | D        | Reached skill level 3 in Polearms
    23 | D        | Noticed an iguana
    23 | D        | Noticed a worker ant
    25 | D        | Reached XP level 2. HP: 24/24 MP: 2/2
    27 | D        | Reached skill level 4 in Polearms
    27 | D        | Reached skill level 5 in Shields
    31 | D        | Reached skill level 5 in Polearms
    31 | D        | Reached XP level 3. HP: 19/29 MP: 3/3
    35 | D        | Reached skill level 6 in Polearms
    35 | D        | Reached XP level 4. HP: 22/35 MP: 4/4
   219 | D        | Found a roughly hewn altar of Beogh.
   219 | D        | Found a snail-covered altar of Cheibriados.
   219 | D        | Found a shadowy altar of Dithmenos.
   219 | D        | Found a white marble altar of Elyvilon.
   219 | D        | Found a blossoming altar of Fedhas.
   219 | D        | Found an opulent altar of Gozag.
   220 | D        | Found a hazy altar of Hepliaklqana.
   221 | D        | Found a viscous altar of Jiyva.
   222 | D        | Found an ancient bone altar of Kikubaaqudgha.
   223 | D        | Found a corrupted altar of Lugonu.
   224 | D        | Found a burning altar of Makhleb.
   225 | D        | Found a sparkling altar of Nemelex Xobeh.
   226 | D        | Found an iron altar of Okawaru.
   227 | D        | Found a stormy altar of Qazlal.
   228 | D        | Found a sacrificial altar of Ru.
   229 | D        | Found a shimmering blue altar of Sif Muna.
   230 | D        | Found a bloodstained altar of Trog.
   231 | D        | Found a hide-covered altar of Uskayaw.
   232 | D        | Became a worshipper of Makhleb the Destroyer
   233 | D        | Found a radiant altar of Vehumet.
   234 | D        | Found an ornate altar of the Wu Jian Council.
   235 | D        | Found a shimmering altar of Xom.
   236 | D        | Found a basalt altar of Yredelemnul.
   237 | D        | Found a glowing silver altar of Zin.
   238 | D        | Found a glowing golden altar of the Shining One.
   271 | D        | Noticed a hornet
   271 | D        | Noticed a wraith
   271 | D        | Noticed a two-headed ogre
   275 | D        | Killed a hornet
   275 | D        | Reached skill level 10 in Polearms
   275 | D        | Reached XP level 5. HP: 19/41 MP: 5/5
   275 | D        | Reached XP level 6. HP: 22/47 MP: 6/6
   279 | D        | Reached skill level 11 in Polearms
   295 | D        | Killed a wraith
   295 | D        | Reached * piety under Makhleb
   295 | D        | Reached skill level 12 in Polearms
   295 | D        | Reached XP level 7. HP: 32/52 MP: 7/7
   298 | D        | Killed a two-headed ogre
   298 | D        | Reached skill level 15 in Polearms
   298 | D        | Reached XP level 8. HP: 20/58 MP: 8/8
   302 | D        | Reached ** piety under Makhleb
   558 | D        | Noticed a troll
   570 | D        | Killed a troll
   570 | D        | Reached skill level 16 in Polearms
   570 | D        | Reached skill level 1 in Dodging
   575 | D        | Reached *** piety under Makhleb
   575 | D        | Reached XP level 9. HP: 62/66 MP: 9/9
   582 | D        | Reached skill level 5 in Fighting
   582 | D        | Reached skill level 5 in Armour
   739 | D        | Noticed a cane toad
   739 | D        | Noticed a komodo dragon
   747 | D        | Reached **** piety under Makhleb
   755 | D        | Killed a cane toad
   759 | D        | Killed a komodo dragon
   759 | D        | Reached skill level 5 in Dodging
   761 | D        | Reached ***** piety under Makhleb
   831 | D        | Noticed a blink frog
   831 | D        | Noticed a six-headed hydra
   831 | D        | Noticed a cane toad
   836 | D        | Reached XP level 10. HP: 82/82 MP: 10/10
   855 | D        | HP: 4/82 [12-headed hydra (9)]
   856 | D        | Slain by a 13-headed hydra

Illustrated notes

Levels and vault maps discovered:
D:        linesprint [early_d, line_temple, items_1, d_10, items_2, lair_1,
          lair_end, items_3, orc_1, orc_end, items_4, d_15, swamp_1, shoals_1,
          snake_1, spider_1, d_20, vaults_1, items_5, swamp_end, shoals_end,
          snake_end, spider_end, vaults_end, d_27, items_6, zot_1, zot_end,
          crypt_end, forest_end, elf_end, slime_end, tomb_end, abyss_end,
          pan_hell_end]

Skill      XL: |  1  2  3  4  5  6  7  8  9 |
---------------+----------------------------+-----
Polearms       | 3 5 6 10 12 15 16 | 16.0
Shields        | 4 5 6 9 |  9.0
Fighting       | 4 8 |  8.6
Armour         | 4 8 |  8.6
Dodging        | 2 6 |  6.4

Action                   |  1- 3 |  4- 6 |  7- 9 | 10-12 || total
-------------------------+-------+-------+-------+-------++-------
Melee: Trident           |    24 |     2 |       |       ||    26
       Halberd           |       |    21 |    69 |    14 ||   104
  Use: Potion            |     1 |     3 |       |     2 ||     6
       Scroll            |       |       |     4 |       ||     4
Armor: Scale mail        |     9 |     3 |     3 |       ||    15
       Plate armour      |       |       |     9 |    26 ||    35
Dodge: Dodged            |     3 |     7 |    10 |    17 ||    37
Block: Kite shield       |    12 |    11 |    19 |    27 ||    69

Table legend: (Time is in decaauts)
 A = Elapsed time spent in this place.
 B = Non-inter-level travel time spent in this place.
 C = Inter-level travel time spent in this place.
 D = Time resting spent in this place.
 E = Time spent auto-exploring this place.
 F = Levels seen in this place.
 G = Mean time per level.
                   A        B        C        D        E       F      G
               +--------+--------+--------+--------+--------+-----+--------+
         Total |    835 |    835 |      0 |    488 |      0 |   1 |  835.0 |
       Dungeon |    835 |    835 |      0 |    488 |      0 |   1 |  835.0 |
               +--------+--------+--------+--------+--------+-----+--------+

Top non-repeatable levels by time:
       D: 835 daAuts
